[Event "Late-Titled-Tuesday-Blitz-October-24-2023"]
[Site "Chess.com"]
[Date "2023.10.24"]
[Round "1"]
[White "Emeraldddd"]
[Black "carloseduar100"]
[Result "1-0"]
[WhiteElo "2607"]
[BlackElo "2280"]
[TimeControl "180+1"]
[EndTime "14:08:15 PDT"]
[Termination "Emeraldddd won by checkmate"]

1. e4 e6 2. d4 d5 3. Nd2 c5 4.
exd5 Qxd5 5. Ngf3 cxd4 6. Bc4 Qd7 7. O-O Nc6 8. Nb3 Nf6 9. Nbxd4 Nxd4 10. Nxd4 a6 11. c3 Bd6 12. h3 b5 13. Bb3 Bb7 14.
Re1 Bd5 15. Bg5 Bxb3 16. axb3 h6 17. Nf5 hxg5 18. Nxd6+ Kf8 19. c4 b4 20. Qd2 a5 21.
Qxb4 axb4 22. Rxa8+ Ne8 23. Rxe8+ Qxe8 24. Nxe8 Kxe8 25.
Re5 Ke7 26. Rxg5 Ra8 27. Rb5 Ra2 28. Rxb4 Rxb2 29. g3 f5 30. Kg2 g5 31. Rb5 Kd6 32.
h4 gxh4 33. gxh4 Ra2 34. b4 e5 35. Rd5+ Ke6 36. b5 e4 37. Kf1 f4 38. Rd1 Rc2 39.
Rb1 Rxc4 40. b6 Rc8 41. b7 Rb8 42. h5 Kd7 43. h6 e3 44. fxe3 fxe3 45. Ke2 Kc7 46.
Kxe3 Re8+ 47. Kf4 Kb8 48. Kg5 Re5+ 49. Kf6 Rh5 50. Kg7 Rg5+ 51. Kh8 Rg2 52. Rb6 Rg5 53. Kh7 Rc5 54. Kg6 Rc1 55. h7 Rg1+ 56. Kf7 Rf1+ 57. Kg7 Rg1+ 58. Rg6 Rc1 59. h8=Q+ Kxb7 60. Rf6 Rg1+ 61.
Kf7 Rc1 62. Qh4 Rc7+ 63. Kg6 Ka7 64. Qa4+ Kb8 65. Qb5+ Kc8 66. Rf8# 1-0

[Event "Late-Titled-Tuesday-Blitz-October-24-2023"]
[Site "Chess.com"]
[Date "2023.10.24"]
[Round "1"]
[White "Bauman_Guy"]
[Black "scandalgod"]
[Result "1-0"]
[WhiteElo "2912"]
[BlackElo "2508"]
[TimeControl "180+1"]
[EndTime "14:08:16 PDT"]
[Termination "Bauman_Guy won by resignation"]

1. e4 e5 2. Nf3 Nc6 3. Bb5 a6 4. Ba4 d6 5. c3 Bd7 6. O-O Nge7 7.
d4 Ng6 8. d5 Nb8 9. c4 Be7 10.
Nc3 O-O 11. Be3 f5 12. Bxd7 Nxd7 13. exf5 Rxf5 14. Nd2 Qf8 15. Nde4 Nf4 16. Bxf4 Rxf4 17. g3 Rf5 18. Qg4 Qf7 19. f3 Rf8 20. Rf2 Nb6 21.
b3 Rxf3 22. Raf1 Rxf2 23. Rxf2 Qg6 24. Rxf8+ Bxf8 25. Qh4 h6 26. Qd8 Qf7 27. Kg2 Qd7 28. Qb8 Qc8 29. Qa7 Nd7 30. b4 Be7 31. Qe3 Nf6 32.
Qf3 Qd7 33. h4 c6 34. h5 Nh7 35. a4 Bg5 36. dxc6 bxc6 37. b5 axb5 38. axb5 cxb5 39. Nxb5 Be7 40. Nexd6 Bxd6 41. Qd5+ Kh8 42. Nxd6 Nf6 43. Nf7+ Kh7 44. Qxd7 Nxd7 45. Kf3 Kg8 46. Nd6 Kf8 47. Ke4 Ke7 48. Nf5+ Kf6 49. Ne3 Nc5+ 50. Kd5 Ne6 51. c5 Nc7+ 52. Kd6 Ne8+ 53. Kd7 Kf7 54. c6 Nf6+ 55. Kd6 Ne8+ 56. Kxe5 Ke7 57. Nf5+ Kf7 58. Nd6+ Nxd6 59. Kxd6 1-0

[Event "Late-Titled-Tuesday-Blitz-October-24-2023"]
[Site "Chess.com"]
[Date "2023.10.24"]
[Round "1"]
[White "ItalianMachine"]
[Black "Rodalquilar"]
[Result "0-1"]
[WhiteElo "2423"]
[BlackElo "2747"]
[TimeControl "180+1"]
[EndTime "14:08:16 PDT"]
[Termination "Rodalquilar won by resignation"]

1. Nf3 d5 2. d4 Nf6 3. c4 e6 4. Nc3 a6 5. e3 b6 6. cxd5 exd5 7. Bd3 Bb7 8. O-O Bd6 9. Re1 O-O 10. e4 dxe4 11.
Nxe4 Nxe4 12. Bxe4 Bxe4 13. Rxe4 Nd7 14. Qe2 Re8 15. Bg5 Rxe4 16. Qxe4 Qe8 17. Qc6 Nf8 18. Qc2 Qb5 19. Re1 Re8 20. Rxe8 Qxe8 21. h3 Qb5 22. Bh4 Qd5 23. Bg3 Bxg3 24. fxg3 Ne6 25.
Qa4 Qb5 26. Qxb5 axb5 27. Kf2 Kf8 28. Ke3 Ke7 29. d5 Nc5 30. Kd4 Nd7 31. Ng5 Nf6 32. Ke5 h6 33. Nf3 Nd7+ 34. Kd4 Kd6 35. Nd2 f5 36. Nf1 Nf6 37. Ne3 g6 38. g4 f4 39.
Nc2 Nxd5 40. Ke4 g5 41. Nd4 Kc5 42. Ne6+ Kd6 43. Nd4 Nb4 44. a3 Nc6 45. Nxb5+ Kd7 46. Kf5 Ne7+ 47. Kf6 Nd5+ 48. Kg6 Ne3 49. Kxh6 Nxg2 50.
Nd4 c5 51. Nf3 Nh4 52. Nxg5 f3 53. Ne4 Ke6 54. Kg5 Ke5 55. Nf2 Ng2 56. Kg6 Kf4 57.
h4 Ke3 58. Nh3 Nxh4+ 59. Kf6 f2 60. Nxf2 Kxf2 61. g5 Ke3 62. g6 Nxg6 63. Kxg6 Kd3 64. Kf5 Kc2 65. Ke5 Kxb2 66. Kd5 Kxa3 67. Kc6 c4 68. Kxb6 c3 69. Kc5 c2 70. Kd5 c1=Q 71.
Ke5 Qc6 0-1

[Event "Late-Titled-Tuesday-Blitz-October-24-2023"]
[Site "Chess.com"]
[Date "2023.10.24"]
[Round "1"]
[White "Evandro_Barbosa"]
[Black "marik_spb"]
[Result "1-0"]
[WhiteElo "2686"]
[BlackElo "2388"]
[TimeControl "180+1"]
[EndTime "14:08:16 PDT"]
[Termination "Evandro_Barbosa won by resignation"]

1. e4 e6 2. d3 d5 3. Qe2 Nf6 4. Nf3 c5 5. g3 Nc6 6. Bg2 Be7 7. O-O O-O 8. e5 Nd7 9. c4 dxc4 10. dxc4 Qc7 11. Bf4 b6 12. Rd1 Bb7 13. Nc3 a6 14. h4 Rad8 15. h5 h6 16. Rd2 Ndb8 17.
Ne4 Rxd2 18. Qxd2 Rd8 19. Qe3 Nd4 20. Nxd4 Rxd4 21. b3 Nd7 22. Nd6 Bxg2 23. Kxg2 Qc6+ 24. Qf3 Qxf3+ 25. Kxf3 Bxd6 26. exd6 e5 27. Be3 Rxd6 28. a4 a5 29. Ke4 Nf6+ 30. Kxe5 Re6+ 31. Kf5 Nxh5 32.
Rd1 g6+ 33. Kg4 Kg7 34. Rd8 Re8 35. Rd6 Re6 36. Rd3 Nf6+ 37. Kf3 h5 38. Bf4 Ne4 39. Rd8 g5 40. Be3 Kf6 41. Rh8 Kg6 42. Rb8 Kf5 43.
Ke2 h4 44. gxh4 gxh4 45. Rh8 Nc3+ 46. Kd3 Ne4 47. Rxh4 Rd6+ 48. Kc2 f6 49. Rh5+ Kg6 50. Rh8 Kf5 51. Re8 Ng5 52. Rb8 Ke4 53. Rf8 Kf3 54.
Bxg5 Ke2 55. Rxf6 Rd7 56. Be3 Rg7 57. Rxb6 Rg1 58. Rc6 Ra1 59. Rxc5 Ra2+ 60. Kc3 1-0

[Event "Late-Titled-Tuesday-Blitz-October-24-2023"]
[Site "Chess.com"]
[Date "2023.10.24"]
[Round "1"]
[White "Yushko_Olga"]
[Black "Taylanruzgar"]
[Result "0-1"]
[WhiteElo "2145"]
[BlackElo "2568"]
[TimeControl "180+1"]
[EndTime "14:08:19 PDT"]
[Termination "Taylanruzgar won on time"]

1. d4 Nf6 2. c4 g6 3. Nf3 Bg7 4. Nc3 c5 5. d5 O-O 6. e4 d6 7.
Bd3 Na6 8. O-O Bg4 9. Bg5 Nd7 10. Be2 Nc7 11. Re1 a6 12. h3 Bxf3 13. Bxf3 b5 14.
cxb5 axb5 15. Qe2 b4 16. Nd1 Ne5 17. Ne3 Nxf3+ 18. gxf3 Rb8 19. Nc4 h6 20. Bh4 Nb5 21. f4 Nd4 22. Qd3 Qd7 23. Kg2 e6 24. f3 exd5 25.
exd5 Rfe8 26. Bf2 Nf5 27. Re4 Bd4 28. Rae1 Bxf2 29. Kxf2 Rbd8 30. Kg2 h5 31. Qe2 Rf8 32. Qd3 Ra8 33. a3 Qd8 34. axb4 Qh4 35. Qd2 Qg3+ 36. Kf1 Qxf3+ 37. Qf2 Qxh3+ 38. Kg1 cxb4 39. Qg2 Qh4 40. Qg5 Qxg5+ 41. fxg5 Rac8 42. b3 Rc5 43. Rd1 Kg7 44. Rd2 f6 45. gxf6+ Rxf6 46. Re6 Rxd5 47. Rxf6 Rxd2 48. Rxf5 gxf5 49. Nxd2 Kf6 50. Kf2 Ke5 51. Nc4+ Kd5 52. Kf3 h4 53. Kf4 Kd4 54. Nxd6 Kc3 55.
Nxf5 Kxb3 0-1

[Event "Late-Titled-Tuesday-Blitz-October-24-2023"]
[Site "Chess.com"]
[Date "2023.10.24"]
[Round "1"]
[White "Aygehovit1992"]
[Black "Inepton_Fermion"]
[Result "1-0"]
[WhiteElo "2664"]
[BlackElo "2362"]
[TimeControl "180+1"]
[EndTime "14:08:20 PDT"]
[Termination "Aygehovit1992 won by resignation"]

1. e4 c5 2. Nc3 Nc6 3. Bb5 Nd4 4.
Nf3 a6 5. Bd3 g6 6. O-O Bg7 7. Re1 e6 8. e5 d6 9. Ne4 dxe5 10.
Nxc5 Qc7 11. Nxd4 exd4 12. Ne4 Nf6 13. Nxf6+ Bxf6 14. b3 O-O 15. Ba3 Re8 16. Qf3 Bg7 17. h4 Bd7 18. Be4 f5 19. Bd3 Bc6 20. Qh3 h5 21. Bc4 Qd7 22. Qg3 b5 23. Bd3 Kh7 24. Bd6 Rad8 25. Be5 Bh6 26. Re2 Qd5 27. Rae1 a5 28. f3 a4 29. Kh1 axb3 30. axb3 Ra8 31. Bf4 Bg7 32. Be5 Bh6 33. Bf4 Bg7 34. Qg5 Bd7 35. Re5 Qc6 36. Bxb5 Qc8 37. Bxd7 Qxd7 38. Rc5 Rac8 39. b4 d3 40. c3 Rxc5 41. bxc5 Qd5 42.
Bd6 e5 43. Ra1 Qe6 44. Ra7 Kg8 45. Re7 Rxe7 46. Qxe7 Qxe7 47. Bxe7 Kf7 48. Bd6 Ke6 49. Kg1 Kd5 50. Kf2 e4 51. fxe4+ fxe4 52. g3 Bh6 53. Bf4 Bf8 54. Be3 Be7 55. Bd4 Bxc5 56. Bxc5 Kxc5 57.
Ke3 Kd5 58. Kf4 g5+ 59. hxg5 e3 60. Kxe3 Ke5 61. Kxd3 1-0

[Event "Late-Titled-Tuesday-Blitz-October-24-2023"]
[Site "Chess.com"]
[Date "2023.10.24"]
[Round "1"]
[White "pooh2012"]
[Black "Karacsonyi_Gellert"]
[Result "1-0"]
[WhiteElo "2447"]
[BlackElo "2744"]
[TimeControl "180+1"]
[EndTime "14:08:24 PDT"]
[Termination "pooh2012 won by resignation"]

1. d4 Nf6 2. Bf4 d5 3. e3 c5 4. c3 Nc6 5. Nf3 Qb6 6. Qb3 c4 7. Qxb6 axb6 8. a3 Bf5 9. Nbd2 b5 10. Rc1 e6 11. Nh4 h6 12. Nxf5 exf5 13. h4 Be7 14. Be2 O-O 15. Bf3 Ne4 16. Ke2 g5 17. hxg5 hxg5 18.
Bh2 g4 19. Bxe4 fxe4 20. f3 f5 21. fxg4 fxg4 22. Bf4 Rf7 23. Rh5 Rd8 24. Rch1 Bf6 25. Nf1 Ne7 26. Ng3 Rdf8 27. Nf5 Nxf5 28. Rxf5 Rd8 29.
Rhh5 b4 30. cxb4 Rc8 31. Kd2 c3+ 32. bxc3 Ra8 33. Kc2 Rxa3 34. Kb2 Ra8 35. Rxd5 b6 36. Rd6 Bd8 37. Rg6+ Rg7 38. Rhh6 Ra7 39. Be5 Rxg6 40. Rxg6+ Kh7 41. Rxg4 Rf7 42. g3 Rf2+ 43. Kb3 b5 44. Rxe4 Rf1 45. Bf4 Rb1+ 46. Kc2 Ra1 47. Re5 Kg6 48.
Rxb5 Kf7 49. c4 Ra3 50. Rb7+ Ke6 51. b5 Ba5 52. Kb2 Rd3 53. c5 Kd5 54. c6 Rd2+ 55.
Kb3 Rd3+ 56. Ka4 Bd8 57. c7 Be7 58. Ka5 Ra3+ 59. Kb6 Bb4 60. Rb8 Ba5+ 61. Kb7 Bxc7 62. Bxc7 Rb3 63. b6 Ke6 64. Rd8 Ke7 65. Kc8 Rb1 66.
d5 Rc1 67. d6+ Ke6 68. b7 Rh1 69. b8=Q 1-0

[Event "Late-Titled-Tuesday-Blitz-October-24-2023"]
[Site "Chess.com"]
[Date "2023.10.24"]
[Round "1"]
[White "Schattman"]
[Black "Elsa167"]
[Result "0-1"]
[WhiteElo "2502"]
[BlackElo "2897"]
[TimeControl "180+1"]
[EndTime "14:08:26 PDT"]
[Termination "Elsa167 won on time"]

1. Nf3 Nf6 2. g3 b6 3. Bg2 Bb7 4. c4 c5 5. Nc3 g6 6. O-O Bg7 7. Re1 O-O 8. e4 Nc6 9. d3 d6 10. h3 Nd7 11. Bg5 h6 12. Bf4 Nde5 13. Nxe5 Nxe5 14. Qd2 Kh7 15. Be3 Nc6 16. Ne2 e6 17. d4 cxd4 18. Nxd4 Nxd4 19. Bxd4 Qe7 20. Bxg7 Kxg7 21.
Red1 Rad8 22. a4 Qc7 23. b3 a5 24. Qd4+ e5 25. Qe3 Qc5 26. Qc3 f5 27. exf5 Bxg2 28. Kxg2 Rxf5 29. Ra2 Rdf8 30. Rdd2 Qc6+ 31. Kg1 Rf3 32. Rd3 Qe4 33. Rxf3 Rxf3 34. Qc2 Rd3 35. Qe2 Qxe2 36. Rxe2 Rxb3 37. Rd2 Rb4 38. Rxd6 e4 39. Kf1 Rxa4 40. Rxb6 Rxc4 41. Ra6 a4 42. Ke2 g5 43. Ke3 h5 44. h4 gxh4 45. gxh4 Kf7 46. Kf4 e3+ 47.
Kxe3 Rxh4 48. Rh6 Kg7 49. Ra6 Rb4 50. Kf3 Rb3+ 51. Kf4 a3 52. f3 Kf7 53. Kg5 Rxf3 54. Kxh5 Ke7 55. Kg4 Rb3 56. Kf4 Kd7 57. Ke4 Kc7 58.
Kd4 Kb7 59. Ra4 Rh3 60. Kc4 Rh4+ 61. Kb3 Rxa4 62. Kxa4 a2 63. Kb3 a1=Q 0-1

[Event "Late-Titled-Tuesday-Blitz-October-24-2023"]
[Site "Chess.com"]
[Date "2023.10.24"]
[Round "1"]
[White "Arash_Tahbaz"]
[Black "ArturoCaceres"]
[Result "1-0"]
[WhiteElo "2895"]
[BlackElo "2500"]
[TimeControl "180+1"]
[EndTime "14:08:27 PDT"]
[Termination "Arash_Tahbaz won on time"]

1. Nf3 c5 2. g3 d6 3. Bg2 Nc6 4. O-O Nf6 5. d4 cxd4 6. Nxd4 Bd7 7. c4 Nxd4 8. Qxd4 Bc6 9. Nc3 Bxg2 10. Kxg2 e6 11. b3 a6 12. Bb2 Be7 13. Rad1 O-O 14. Ne4 d5 15. cxd5 Qxd5 16. Qxd5 Nxd5 17. Nc3 Nxc3 18. Bxc3 Rfd8 19. Ba5 Rxd1 20. Rxd1 Bc5 21. b4 Bf8 22. a3 Rc8 23. Rd7 b5 24. Ra7 Rc6 25. Bc7 f6 26. Bf4 Bd6 27. Bxd6 Rxd6 28. e3 h5 29. h4 Kh7 30. Kf3 Kh6 31. Ke4 Kg6 32. Kf4 Rc6 33. Kf3 f5 34. Ra8 Kf6 35.
Ra7 Rd6 36. Ke2 e5 37. f3 g6 38. e4 f4 39. gxf4 exf4 40. Ra8 Ke5 41. Re8+ Re6 42. Rd8 Rd6 43. Re8+ Kd4 44. Rf8 Rc6 45. Rxf4 Rc2+ 46. Kf1 Ke3 47. Rf6 Ra2 48. e5 Kd4 49. e6 Ra1+ 50. Kf2 Ra2+ 51. Kf1 Ra1+ 52. Kf2 Ra2+ 53. Kg3 Re2 54. Kf4 Kd5 55. Rxg6 Re1 56. Kg3 Kd6 57. Kf2 Re5 58. f4 Re4 59. Kf3 Kd5 60. Rg5+ Kd4 61. Re5 1-0

[Event "Late-Titled-Tuesday-Blitz-October-24-2023"]
[Site "Chess.com"]
[Date "2023.10.24"]
[Round "1"]
[White "angryspacevoid"]
[Black "Arseniy_Nesterov"]
[Result "0-1"]
[WhiteElo "2472"]
[BlackElo "2825"]
[TimeControl "180+1"]
[EndTime "14:08:30 PDT"]
[Termination "Arseniy_Nesterov won by resignation"]

1. e4 e5 2. Nf3 Nc6 3. d4 exd4 4.
Nxd4 Qf6 5. Be3 Bc5 6. Nb5 Bxe3 7.
fxe3 Qd8 8. Bc4 Nf6 9. O-O O-O 10. N1c3 a6 11. Nd4 Ne5 12. Be2 d6 13. Qe1 Re8 14. Qg3 Bd7 15. Nf5 Bxf5 16. Rxf5 Nfd7 17.
Raf1 c6 18. h4 Re6 19. h5 Qe7 20. Bd1 Re8 21. Ne2 Rf6 22. Nd4 g6 23. Rxf6 Nxf6 24.
Nf5 Qf8 25. Bf3 Nxf3+ 26. gxf3 Nxh5 27. Qg4 d5 28. exd5 Nf6 29. Qg5 Nxd5 30. e4 f6 31. Qg4 Qc5+ 32. Rf2 Nb4 33. Kg2 Nxc2 34. Rd2 Qxf5 35. exf5 Ne3+ 36. Kg3 Nxg4 37. Kxg4 Kf7 38.
Rh2 h5+ 39. Kg3 Re5 40. fxg6+ Kxg6 41. Kf4 a5 42. Rd2 Rf5+ 43. Ke4 Re5+ 44. Kf4 Rd5 45.
Rg2+ Kf7 46. Ke4 a4 47. f4 f5+ 48. Ke3 Kf6 49. Rg5 Rb5 50. Rxh5 Rxb2 51. Rh7 Ke6 52. Kd4 b6 53. Rh6+ Kd7 54. Ke5 Rb5+ 55. Kf6 Rd5 56. Kf7 b5 57. Rh7 Kd6 58. Kf6 b4 59. Rb7 Rb5 60. Re7 b3 61. axb3 axb3 62. Re6+ Kc7 63. Re1 b2 64. Rb1 Kd6 65. Rd1+ Kc5 66. Rb1 Kd4 67.
Ke6 Kc3 68. Kd6 Kc2 69. Rxb2+ Rxb2 70. Kxc6 Rb4 71. Kd5 Rxf4 72. Ke5 Rf1 0-1

[Event "Late-Titled-Tuesday-Blitz-October-24-2023"]
[Site "Chess.com"]
[Date "2023.10.24"]
[Round "1"]
[White "GMG"]
[Black "WindWhistler11"]
[Result "1-0"]
[WhiteElo "2764"]
[BlackElo "2432"]
[TimeControl "180+1"]
[EndTime "14:08:36 PDT"]
[Termination "GMG won on time"]

1. Nf3 e6 2. g3 Nf6 3. Bg2 d5 4. c4 g6 5. b3 Bg7 6. Bb2 O-O 7.
O-O c6 8. d4 b6 9. Qc2 Na6 10.
Nc3 Bb7 11. Rfd1 Rc8 12. e4 dxe4 13. Nxe4 Nxe4 14. Qxe4 Qe7 15. Ne5 f6 16. Nd3 Rfd8 17.
Re1 Re8 18. Nf4 Nc7 19. Re2 Qf7 20. Rae1 Re7 21. Ba3 Ree8 22. Bh3 f5 23. Qe3 e5 24. dxe5 Rxe5 25. Qd2 Rce8 26. Bg2 Ba8 27. Rxe5 Bxe5 28. Nd3 Bf6 29. Bd6 Ne6 30. Ne5 Qg7 31. f4 Rd8 32. Nxc6 Bxc6 33. Rxe6 Bd4+ 34. Kh1 Bxg2+ 35. Qxg2 Bc5 36.
Qd5 Qf7 37. Qe5 Bxd6 38. Rxd6 Re8 39. Qd4 Qb7+ 40. Kg1 Qf3 41. Qd5+ Qxd5 42. Rxd5 Re2 43. Rd8+ Kg7 44. Rd7+ Kh6 45. Rxa7 Kh5 46. h3 g5 47. Rxh7+ Kg6 48. Rb7 gxf4 49. gxf4 Kh5 50. Rxb6 Kh4 51. Rg6 Kxh3 52. a4 Rb2 53. Rb6 Kg3 54. Kf1 Kxf4 55. a5 Kf3 56. Ke1 Ra2 57. a6 f4 58. b4 Kg2 59. Rg6+ Kh1 60. Rf6 Ra4 61. b5 Rxc4 62. a7 Ra4 63. b6 Kg2 64. Rxf4 Rxf4 65. a8=Q+ Kg3 66. b7 1-0

[Event "Late-Titled-Tuesday-Blitz-October-24-2023"]
[Site "Chess.com"]
[Date "2023.10.24"]
[Round "1"]
[White "Beca95"]
[Black "tteshan"]
[Result "1-0"]
[WhiteElo "2927"]
[BlackElo "2510"]
[TimeControl "180+1"]
[EndTime "14:08:39 PDT"]
[Termination "Beca95 won by resignation"]

1. Nf3 c5 2. e3 Nc6 3. d4 cxd4 4. exd4 d5 5. c3 Nf6 6. Bf4 Bg4 7. Nbd2 e6 8. Bd3 Bd6 9. Bg3 O-O 10. O-O Bxg3 11.
hxg3 h6 12. Re1 Qc7 13. Re3 Rab8 14. Qe1 b5 15. a3 a5 16. b4 a4 17. Nf1 Bxf3 18.
gxf3 Ne7 19. Rc1 Nc8 20. Nd2 Nd6 21. Kg2 Nc4 22. Nxc4 dxc4 23. Bb1 Nd5 24. Re5 Qd6 25. Qe4 Nf6 26. Qh4 Rfd8 27. Be4 Nd7 28. Rh5 Nf6 29. Rxh6 gxh6 30. Qxf6 Qf8 31. Rh1 Qg7 32. Qxh6 Qxh6 33.
Rxh6 Kg7 34. Rh1 f5 35. Bb1 Rh8 36. Re1 Kf6 37. f4 Rbd8 38. Bc2 Rh6 39. Bd1 Rdh8 40. Bf3 Rb8 41. Re5 Rb6 42. Kg1 Rh8 43. Rc5 Rd8 44.
Kf1 Rdd6 45. Ke2 Rd8 46. Ke3 Rdd6 47. d5 exd5 48. Bxd5 Rd8 49. f3 Re8+ 50. Kd4 Rd8 51. g4 Rdd6 52. g5+ Kg6 53. Rc7 Rb8 54. Kc5 Rbd8 55.
Bf7+ Kg7 56. Kxb5 R8d7 57. Rxd7 Rxd7 58. Bxc4 Rc7 59. Be6 Rxc3 60. Kxa4 Rxf3 61. b5 Rxf4+ 62. Ka5 Kg6 63. b6 Rf1 64. Bc4 Rb1 65. Bb5 Rd1 66. b7 Rd8 67. Kb6 f4 68. a4 f3 69. Kc7 Rf8 70.
b8=Q Rxb8 71. Kxb8 f2 72. a5 Kxg5 73. Bf1 Kf4 74. a6 1-0

[Event "Late-Titled-Tuesday-Blitz-October-24-2023"]
[Site "Chess.com"]
[Date "2023.10.24"]
[Round "1"]
[White "The_Straightforward_Rook"]
[Black "Willi_Skibbe"]
[Result "1-0"]
[WhiteElo "2577"]
[BlackElo "2183"]
[TimeControl "180+1"]
[EndTime "14:08:40 PDT"]
[Termination "The_Straightforward_Rook won on time"]

1. Nf3 d5 2. d4 Nf6 3. c4 e6 4. cxd5 exd5 5. Nc3 c6 6. Qc2 Be7 7. Bf4 O-O 8. h3 Re8 9. e3 Nbd7 10. Bd3 Nf8 11.
O-O Bd6 12. Ne5 Ng6 13. Nxg6 hxg6 14. Bxd6 Qxd6 15. a3 a5 16. Na4 Be6 17. Qc5 Qxc5 18. Nxc5 b6 19. Nxe6 Rxe6 20. Rfc1 Kf8 21. Rc2 Ke7 22.
Rac1 Kd7 23. Kf1 Rae8 24. b4 axb4 25. axb4 Ra8 26. b5 Ra3 27. bxc6+ Kc7 28. Be2 Ne4 29. g4 f5 30. Kg2 Re8 31. Bf3 Rea8 32. Bxe4 fxe4 33.
Kg3 g5 34. h4 gxh4+ 35. Kxh4 Rf8 36. Kg5 Rf6 37. Rh1 Rxc6 38. Rxc6+ Kxc6 39. Rh7 Ra2 40. Rxg7 Rxf2 41. Rg6+ Kc7 42. Rf6 Re2 43. Kf4 Rf2+ 44.
Ke5 Rxf6 45. Kxf6 b5 46. g5 b4 47. g6 b3 48. g7 b2 49. g8=Q b1=Q 50. Qxd5 Qf1+ 51. Ke5 Qf3 52. Qxe4 Qg3+ 53. Qf4 Qg7+ 54. Ke4+ Kc6 55. d5+ Kc5 56. Qf5 Qg2+ 57. Ke5 Qg3+ 58. Qf4 Qg7+ 59. Ke6 Qg8+ 60. Qf7 Qg4+ 61. Ke7 Qg5+ 62.
Ke8 Qxe3+ 63. Qe6 Qg5 64. Qc6+ Kd4 65. d6 Qe5+ 66. Kd8 Qh8+ 67. Kc7 Qg7+ 68. d7 Ke5 69. Qd6+ Kf5 70. Qc5+ Ke6 71. Qc6+ Kf5 72. Qf3+ Ke6 73. Qe4+ Kf7 74. d8=Q Qc3+ 75. Qc6 Qe5+ 76. Qdd6 Qa5+ 77. Qb6 Qc3+ 78. Kd8 Qh8+ 79. Kc7 Qc3+ 80. Qdc6 Qg3+ 81. Kb7 1-0

[Event "Late-Titled-Tuesday-Blitz-October-24-2023"]
[Site "Chess.com"]
[Date "2023.10.24"]
[Round "1"]
[White "SaqoChess_Twitch"]
[Black "mjelcic"]
[Result "0-1"]
[WhiteElo "2548"]
[BlackElo "2152"]
[TimeControl "180+1"]
[EndTime "14:08:40 PDT"]
[Termination "mjelcic won by checkmate"]

1. d4 d5 2. c4 dxc4 3. e4 e5 4. Nf3 exd4 5. Bxc4 Nc6 6. O-O Be6 7. Bxe6 fxe6 8.
Qb3 Qd7 9. Qxb7 Rb8 10. Qa6 Bd6 11. Nbd2 Nge7 12. b3 Ng6 13. Bb2 e5 14. Rfc1 Rb6 15.
Qc4 Qf7 16. Qa4 Qd7 17. Nc4 Rb4 18. Qa6 Nge7 19. Ba3 Rb8 20. Bxd6 cxd6 21. Na5 Nxa5 22. Qxa5 Rc8 23. Rxc8+ Nxc8 24. Rc1 Nb6 25. Nxe5 dxe5 26. Qxe5+ Qe7 27. Qb8+ Qd8 28. Qxa7 O-O 29. Rc7 Qf6 30. f3 d3 31. Rc1 Qd4+ 32. Kh1 Qe3 33. Rf1 Qe2 34.
Kg1 d2 35. Qxb6 Qxf1+ 36. Kxf1 d1=Q+ 37. Kf2 Qd2+ 38. Kg3 Qe1+ 39. Kh3 h6 40. Qe6+ Kh8 41. a4 Qb4 42. Qd5 Rb8 43. a5 Qxb3 44. Qd6 Qb4 45.
Qc7 Qb7 46. Qe5 Qc8+ 47. g4 Ra8 48. Qd5 Qd8 49. Qe5 Qxa5 50. Qf4 Qd8 51. Qf5 Ra3 52. Kg2 Qf6 53. Qc8+ Kh7 54. Qf5+ Qxf5 55. gxf5 Kg8 56. Kg3 Kf7 57. Kf4 Kf6 58. h4 Ra4 59. h5 Ra1 60. e5+ Kf7 61. Kg4 Rg1+ 62. Kh4 Rg5 63.
f4 Rxf5 64. Kg4 Ke6 65. Kg3 Rxh5 66. Kg4 Rf5 67. Kg3 h5 68. Kf3 g6 69. Kg3 Rf7 70. Kf3 Kf5 71. Kg3 Ra7 72. e6 Re7 73. Kh3 Rxe6 74.
Kg2 Kxf4 75. Kh3 Re2 76. Kh4 Rh2# 0-1

[Event "Late-Titled-Tuesday-Blitz-October-24-2023"]
[Site "Chess.com"]
[Date "2023.10.24"]
[Round "1"]
[White "dretch"]
[Black "muchojogo"]
[Result "0-1"]
[WhiteElo "2830"]
[BlackElo "2517"]
[TimeControl "180+1"]
[EndTime "14:08:46 PDT"]
[Termination "muchojogo won by checkmate"]

1. d4 Nf6 2. c4 g6 3. Nc3 Bg7 4.
e4 d6 5. Nf3 O-O 6. h3 e5 7. dxe5 dxe5 8. Qxd8 Rxd8 9. Bg5 Re8 10. Nd5 Nxd5 11. cxd5 c6 12. Bc4 cxd5 13. Bxd5 Nd7 14.
Nd2 Nc5 15. Nc4 Be6 16. Nd6 Reb8 17. O-O-O Bf8 18. Bxe6 Nxe6 19. Be3 Nd4 20. Bxd4 Bxd6 21. Bc3 Rd8 22. Rd5 f6 23. Rhd1 Bc7 24. Rd7 Rxd7 25. Rxd7 Rc8 26. Kc2 b5 27. Kb3 Bb6 28. f3 a5 29. a3 a4+ 30. Kb4 Bc5+ 31. Kxb5 Bxa3 32. Kxa4 Bf8 33. Kb5 f5 34. Rd3 fxe4 35. fxe4 Kf7 36. Bxe5 Rc5+ 37. Kb6 Rxe5 38. Rd7+ Ke6 39. Rxh7 Rxe4 40.
Kc6 Rc4+ 41. Kb7 Rb4+ 42. Kc8 Rxb2 43. g4 Kf6 44. h4 Rg2 45. g5+ Ke6 46. h5 Rxg5 47.
hxg6 Rxg6 48. Kc7 Bd6+ 49. Kc6 Rf6 50. Rh1 Be5 51. Kc5 Rf2 52. Rh6+ Bf6 53. Rh5 Rc2+ 54.
Kb4 Kd6 55. Rh6 Ke5 56. Rh5+ Ke4 57. Kb3 Rc3+ 58. Kb4 Rc7 59. Kb5 Be5 60. Kb6 Rc1 61. Kb5 Kd5 62. Kb4 Rb1+ 63. Ka4 Kc4 64. Ka5 Bd4 65. Ka6 Rb6+ 66. Ka5 Rb7 67. Ka4 Rb1 68. Rh3 Ra1+ 69. Ra3 Rb1 70. Rh3 Rb8 71. Rh4 Ra8# 0-1

[Event "Late-Titled-Tuesday-Blitz-October-24-2023"]
[Site "Chess.com"]
[Date "2023.10.24"]
[Round "1"]
[White "kaanadayhamle"]
[Black "eljanov"]
[Result "0-1"]
[WhiteElo "2455"]
[BlackElo "2801"]
[TimeControl "180+1"]
[EndTime "14:08:50 PDT"]
[Termination "eljanov won by resignation"]

1. Nf3 d5 2. g3 Nc6 3. d4 Bf5 4.
Bg2 Nb4 5. Na3 e6 6. c3 Nc6 7. Nc2 Nf6 8. O-O h6 9. Ne5 Nxe5 10. dxe5 Nd7 11. Nd4 Bh7 12. f4 c5 13. Nf3 Be7 14.
Kh1 O-O 15. Be3 b5 16. Bf2 Be4 17. Qd2 a5 18. Rfd1 Qc7 19. Rac1 Rfd8 20. a3 Nb6 21.
b3 a4 22. b4 Nc4 23. Qa2 Rac8 24. Nd2 Bxg2+ 25. Kxg2 Qb7 26. bxc5 d4+ 27. Nf3 Ne3+ 28. Bxe3 dxe3 29. c4 Rxd1 30. Rxd1 Rxc5 31. cxb5 Rxb5 32. Qc4 Rb2 33. Kf1 Qb5 34. Qxb5 Rxb5 35. Nd4 Rd5 36. Rd3 Bxa3 37. Rxa3 Rxd4 38. Rxe3 g5 39. fxg5 hxg5 40. Kf2 Rd5 41. Ra3 Ra5 42. Kf3 Kg7 43. e4 Kg6 44.
Kg4 Ra8 45. h3 Ra7 46. Kf3 Kh5 47. Ke3 Ra8 48. Kf3 Kg6 49. Kg4 Ra6 50. Kf3 Ra5 51.
Kg4 Kh6 52. Kf3 Kh5 53. Ke3 g4 54. h4 Ra8 55. Kf4 Ra7 56. Ke3 Ra6 57. Kf4 Ra5 58.
Ke3 Ra7 59. Kf4 Ra8 60. Ke3 Ra6 61. Kf4 Ra7 62. Ke3 f6 63. exf6 e5 64. Kd3 Kg6 65.
Kc4 Kxf6 66. Kd5 Rd7+ 67. Kc5 Rd4 68. Re3 Ke6 69. Kb5 Kd6 70. Ka5 Kc5 71. Ra3 Rd8 72. Kxa4 Kc4 0-1

[Event "Late-Titled-Tuesday-Blitz-October-24-2023"]
[Site "Chess.com"]
[Date "2023.10.24"]
[Round "1"]
[White "Cayse"]
[Black "Defend1r"]
[Result "1-0"]
[WhiteElo "2875"]
[BlackElo "2495"]
[TimeControl "180+1"]
[EndTime "14:08:54 PDT"]
[Termination "Cayse won by checkmate"]

1. e4 c5 2. Nf3 d6 3. Bb5+ Nd7 4. d4 cxd4 5. Qxd4 a6 6. Bxd7+ Bxd7 7. O-O e5 8. Qd3 Rc8 9. c4 b5 10. Na3 Qb6 11.
cxb5 Bxb5 12. Nxb5 Qxb5 13. Qxb5+ axb5 14. a4 bxa4 15. Rxa4 Nf6 16. Bg5 Nd7 17. Rfa1 Be7 18. Ra8 Nb8 19. h4 f6 20. Be3 Kf7 21. b4 Nd7 22. R8a7 Ke6 23. h5 Rc4 24. b5 Rb8 25. Nd2 Rb4 26. Rc1 Bd8 27. Rc6 R8xb5 28. Nc4 Be7 29. Rcc7 Bf8 30. Rxd7 Rxc4 31. Rd8 Rb1+ 32. Kh2 Rxe4 33. Rxf8 Rh4+ 34. Kg3 Rxh5 35. Rxg7 f5 36. Bg5 Rb3+ 37. f3 Rb2 38. Rf6+ Kd5 39. Rxf5 h6 40. Bc1 Rxg2+ 41. Kxg2 Rxf5 42. Bxh6 Kd4 43. Kf2 d5 44. Rd7 Kc4 45. Ke3 Rh5 46. Rc7+ Kb5 47. Bg7 e4 48. f4 Rh3+ 49. Kd4 Rd3+ 50. Ke5 e3 51. Rc1 e2 52. Re1 Rd2 53. f5 d4 54.
Bh6 Rd1 55. Rxe2 d3 56. Rf2 Kc4 57. f6 Re1+ 58. Kd6 Re2 59. Rf4+ Kc3 60. f7 d2 61. Rf1 Kc2 62. Bxd2 Rxd2+ 63. Kc7 Rd3 64. f8=Q Rc3+ 65. Kd7 Rd3+ 66. Qd6 Rc3 67. Rf2+ Kb3 68. Rd2 Rc4 69. Qd3+ Kb4 70. Qxc4+ Kxc4 71. Rh2 Kc3 72. Rh3+ Kc4 73. Rh4+ Kd5 74. Rh5+ Kd4 75. Rh6 Kd5 76. Rh7 Ke5 77.
Rh5+ Kd4 78. Ke6 Ke4 79. Rh4+ Kd3 80. Ke5 Kc3 81. Kd5 Kb3 82. Kc5 Ka3 83. Rb4 Ka2 84. Kc4 Ka3 85. Kc3 Ka2 86. Rb5 Ka3 87. Ra5# 1-0